 Dungeon Crawl Stone Soup version 0.31.0-32-g396128a36d (webtiles) character file.

Game seed: 7342891729582708681

1354 PaiMei the Grave Robber (level 8, -3/61 HPs)
             Began as a Demonspawn Necromancer on Apr 3, 2024.
             Slain by a hornet (10 damage)
             ... on level 6 of the Dungeon.
             The game lasted 00:09:50 (4411 turns).

PaiMei the Grave Robber (Demonspawn Necromancer)    Turns: 4411, Time: 00:09:51

Health: -3/61      AC:  4    Str:  8    XL:     8   Next: 37%
Magic:  9/15       EV: 14    Int: 18    God:
Gold:   297        SH:  0    Dex: 14    Spells: 13/17 levels left

rFire   + . .        o - +1 rapier (protect)
rCold   . . .        (no shield)
rNeg    . . .        a - +0 robe
rPois   .            (no helmet)
rElec   .            z - scarf {+Inv}
rCorr   .            u - +0 pair of gloves
SInv    .            s - +0 pair of boots
Will    .....        c - amulet of magic regeneration
Stlth   ++           v - +4 ring of slaying
HPRegen 0.30/turn    G - ring of protection from fire
MPRegen 0.54/turn

%: no passive effects
@: slowed, very slow
A: demonic guardian 1, ignite blood 1, demonic touch 2
a: Evoke Invisibility


You were on level 6 of the Dungeon.
You visited 1 branch of the dungeon, and saw 6 of its levels.

You collected 327 gold pieces.
You spent 30 gold pieces at shops.

Inventory:

Hand Weapons
 o - a +1 rapier of protection (weapon)
 I - a +2 dagger of venom
Missiles
 k - 4 poisoned darts (quivered)
Armour
 a - a +0 robe (worn)
 p - a +2 kite shield
 s - a +0 pair of boots (worn)
 u - a +0 pair of gloves (worn)
 z - a scarf of invisibility (worn)
Jewellery
 c - an amulet of magic regeneration (around neck)
 v - a +4 ring of slaying (left hand)
 B - a ring of ice
 G - a ring of protection from fire (right hand)
Wands
 t - a wand of acid (5)
 y - a wand of digging (8)
 F - a wand of flame (10)
Scrolls
 e - 4 scrolls of fog {unknown}
 h - 2 scrolls of summoning {unknown}
 l - 4 scrolls of vulnerability {unknown}
 m - 2 scrolls of teleportation {unknown}
 w - 3 scrolls of identify {unknown}
 x - a scroll of fear {unknown}
 A - a scroll of brand weapon {unknown}
 C - 2 scrolls of noise {unknown}
 H - a scroll of amnesia {unknown}
Potions
 b - a potion of magic
 f - 2 potions of curing
 g - a potion of attraction {unknown}
 i - 3 potions of ambrosia {unknown}
 j - a potion of resistance {unknown}
 n - 4 potions of lignification {unknown}
 q - 2 potions of brilliance {unknown}
 r - a potion of degeneration {unknown}
 D - a potion of mutation {unknown}
 E - 2 potions of enlightenment {unknown}


   Skills:
 + Level 4.7 Fighting
 + Level 4.9 Dodging
 - Level 2.0 Stealth
 + Level 5.0 Spellcasting
 + Level 7.2 Necromancy


You had 13 spell levels left.
You knew the following spells:

 Your Spells              Type           Power      Damage    Failure   Level
a - Necrotise             Necr           100%       1d9       1%          1
b - Vampiric Draining     Necr           30%        2d8       1%          3

Your spell library contained the following spells:

 Spells                   Type           Power      Damage    Failure   Level
 Sublimation of Blood     Necr           30%        N/A       1%          2
 Animate Dead             Necr           30%        N/A       7%          4
 Apportation              Tloc           8%         N/A       13%         1
 Curse of Agony           Necr           30%        N/A       19%         5
 Jinxbite                 Hex            8%         N/A       21%         2
 Frozen Ramparts          Ice            8%         1d2       36%         3
 Leda's Liquefaction      Alch/Erth      2%         N/A       78%         4
 Petrify                  Alch/Erth      4%         N/A       78%         4
 Alistair's Intoxication  Alch           2%         N/A       98%         5
 Irradiate                Conj/Alch      2%         3d12      98%         5
 Metabolic Englaciation   Hex/Ice        2%         N/A       98%         5


Dungeon Overview and Level Annotations

Branches:
Dungeon (6/15)
 Temple: D:4-7

Altars:
Cheibriados
Hepliaklqana
Okawaru
Qazlal
Trog
Wu Jian
Xom

Shops:
D:1 (*   D:5 :

Annotations:
D:3 Ijyb


Innate Abilities, Weirdness & Mutations

A weak demonic guardian rushes to your aid.
Your demonic aura sometimes causes spilled blood to erupt in flames.
Your touch may inflict irresistible damage on your foes.


Message History

The hornet stings you!
You are poisoned.
You feel yourself slow down.
There is a stone staircase leading up, spattered with blood here.
Casting: Necrotise (safe; 1% risk of failure)
Confirm with . or Enter, or press ? or * to list all spells.
Aiming: Vampiric Draining (safe; 1% risk of failure)
Press: ? - help, Shift-Dir - straight line, f - hornet
Aim: a hornet You draw life force from the hornet!
You feel life coursing into your body.
You feel very sick. The hornet closely misses you. The hornet stings you.
You feel as though you will be slow longer.
Casting: Vampiric Draining (safe; 1% risk of failure)
Confirm with . or Enter, or press ? or * to list all spells.
Aiming: Vampiric Draining (safe; 1% risk of failure)
Press: ? - help, Shift-Dir - straight line, f/p - hornet
Aim: a hornet (lightly wounded)
You draw life force from the hornet.
You feel life coursing into your body.
You feel very sick. The hornet stings you!
You feel as though you will be slow longer.
The hornet stings you!
* * * LOW HITPOINT WARNING * * *
A demonic guardian appears!
You feel as though you will be slow longer.
Casting: Vampiric Draining (safe; 1% risk of failure)
Confirm with . or Enter, or press ? or * to list all spells.
Aiming: Vampiric Draining (safe; 1% risk of failure)
Press: ? - help, Shift-Dir - straight line, f/p - hornet
Aim: a hornet (moderately wounded, ally target)
You draw life force from the hornet!
You feel life coursing into your body.
You feel sick. The hornet closely misses you. The hornet stings you!
* * * LOW HITPOINT WARNING * * *
You are more poisoned.
You feel as though you will be slow longer.
Your shadow imp hits the hornet.
You feel better. The hornet closely misses you. The hornet barely misses you.
Your shadow imp misses the hornet.
The hornet stings you!
You die...

# ### ##### #. ..#
#...... #.###.#
...<##.#...#.#
#.......#.#5######
##'#... #..@yO.....#
......)########.....##
........O....y.§.......
...?...#####.)§§§....§.
....... ....≈§≈§≈≈≈.≈≈
....... ####.≈5J§..§§§§
....... ..≈.≈§≈.§§≈§
....... ..§≈§§§§§≈§..
####### ##.!≈.§§≈.≈.≈.


You could see a hornet (ally target), an ogre and a friendly shadow imp
(summoned).

Vanquished Creatures
  Grinder (D:5)
  A steam dragon (D:4)
  A black bear (D:6)
  An ogre (D:6)
  2 phantoms
  A bullfrog (D:4)
  3 scorpions
  A bombardier beetle (D:3)
  2 hounds
  3 orc wizards
  3 iguanas
  4 gnolls (D:3)
  4 adders
  A dart slug (D:4)
  A ribbon worm (D:5)
  11 orcs
  10 ball pythons
  9 endoplasms
  3 giant cockroaches
  6 hobgoblins
  5 jackals (D:2)
  2 quokkas
  5 bats
  2 frilled lizards
  3 goblins
  6 kobolds
  6 rats
97 creatures vanquished.

Vanquished Creatures (collateral kills)
  An orc priest (D:3)
  An iguana (D:4)
  An adder (D:3)
  An orc (D:4)
  A goblin (D:1)
  2 jackals (D:2)
7 creatures vanquished.

Vanquished Creatures (others)
  An arcanist (D:3)
1 creature vanquished.

Grand Total: 105 creatures vanquished

Notes
Turn   | Place    | Note
-------+----------+-------------------------------------------
     0 | D:1      | PaiMei the Demonspawn Necromancer began the quest for the
                  | Orb.
     0 | D:1      | Reached XP level 1. HP: 13/13 MP: 3/3
   106 | D:1      | Found Qijuecyo's General Store.
   106 | D:1      | Found Jyh Lithrag's Weapon Boutique.
   129 | D:1      | Bought a potion of curing for 30 gold pieces
   155 | D:1      | Gained mutation: Your demonic aura sometimes causes spilled
                  | blood to erupt in flames. [demonic ancestry]
   155 | D:1      | Reached XP level 2. HP: 19/19 MP: 0/5
   997 | D:2      | Gained mutation: A weak demonic guardian rushes to your
                  | aid. [demonic ancestry]
   997 | D:2      | Reached XP level 3. HP: 25/25 MP: 4/6
  1001 | D:2      | Learned a level 3 spell: Vampiric Draining
  1181 | D:2      | Reached skill level 1 in Fighting
  1208 | D:2      | Found a shimmering altar of Xom.
  1428 | D:3      | Reached skill level 5 in Necromancy
  1428 | D:3      | Gained mutation: Your touch may inflict minor irresistible
                  | damage on your foes. [demonic ancestry]
  1428 | D:3      | Reached XP level 4. HP: 32/32 MP: 1/8
  1689 | D:3      | Found a bloodstained altar of Trog.
  1694 | D:3      | Noticed Ijyb
  1714 | D:3      | Found an ornate altar of the Wu Jian Council.
  1731 | D:3      | Reached XP level 5. HP: 30/38 MP: 9/9
  1849 | D:3      | Found a snail-covered altar of Cheibriados.
  1972 | D:3      | Found a hazy altar of Hepliaklqana.
  2177 | D:3      | Noticed a wizard
  2180 | D:3      | Killed a wizard
  2371 | D:4      | Reached XP level 6. HP: 16/46 MP: 8/11
  2628 | D:4      | Noticed a steam dragon
  2635 | D:4      | HP: 1/46 [steam dragon (5)]
  2637 | D:4      | Killed a steam dragon
  3064 | D:4      | Reached skill level 6 in Necromancy
  3096 | D:4      | Reached XP level 7. HP: 52/52 MP: 12/12
  3173 | D:4      | Found an iron altar of Okawaru.
  3481 | D:5      | Entered Level 5 of the Dungeon
  4032 | D:5      | Noticed Grinder
  4050 | D:5      | Killed Grinder
  4051 | D:5      | Gained mutation: Your touch may inflict irresistible damage
                  | on your foes. [demonic ancestry]
  4051 | D:5      | Reached XP level 8. HP: 35/61 MP: 13/15
  4151 | D:5      | Reached skill level 7 in Necromancy
  4163 | D:5      | Found Reim Cet's Book Shoppe.
  4354 | D:6      | Reached skill level 5 in Spellcasting
  4369 | D:6      | Found a stormy altar of Qazlal.
  4396 | D:6      | Noticed a hornet
  4410 | D:6      | HP: 1/61 [hornet (12)]
  4411 | D:6      | Slain by a hornet

Illustrated notes

Levels and vault maps discovered:
D:1:      amcnicky_arrival_feature_with_door, layout_basic, serial_shops, shop,
          shop_coins, minmay_misc_feat_pillars, chequers_serial_rivers_marsh,
          minmay_tetromino_i2
D:2:      layout_basic, basic_altar
D:3:      layout_rooms, mainiacjoe_overflow_catch_the_wave,
          mainiacjoe_overflow_boulevard, trog_wizard, serial_aquarium,
          aquarium_bridge_island_small [aquarium_subvault_small_open,
          aquarium_subvault_window, aquarium_subvault_wall,
          aquarium_subvault_bridge, aquarium_subvault_wall],
          aquarium_window_fake, aquarium_window_1, aquarium_view_2d,
          aquarium_balcony_1b, aquarium_pool_1, uniq_ijyb
D:4:      minmay_evil_eye, layout_basic, old_standard_altar
D:5:      layout_loops_ring, serial_shops, nicolae_shop_hallway_stairs,
          uniq_grinder
D:6:      layout_basic, mainiacjoe_overflow_catwalk_spiral,
          mainiacjoe_overflow_cross_hatched, minmay_temple_entry_sparse_star,
          uniq_pikel

Skill      XL: |  1  2  3  4  5  6  7  8 |
---------------+-------------------------+-----
Stealth        | 2 |  2.0
Dodging        | 2 3 4 |  4.9
Fighting       | 1 2 3 4 |  4.7
Necromancy     | 5 6 7 |  7.2
Spellcasting   | 3 4 5 |  5.0

Action                     |  1- 3 |  4- 6 |  7- 9 || total
---------------------------+-------+-------+-------++-------
  Melee: Trident           |     8 |       |       ||     8
         Rapier            |     2 |    20 |    26 ||    48
         Touch             |       |     6 |     3 ||     9
   Cast: Necrotise         |    69 |    69 |    39 ||   177
         Vampiric Draining |     2 |     7 |    24 ||    33
  Evoke: Wand              |       |       |     3 ||     3
    Use: Potion            |       |       |     1 ||     1
 Armour: Robe              |    19 |    36 |    41 ||    96
  Dodge: Dodged            |    32 |    26 |    24 ||    82
